 Dungeon Crawl Stone Soup version 0.26-a0-597-gb535b0901c (webtiles) character file.

Game seed: 12139058958899323598

88895 Borgoz the Warrior (level 15, -4/143 HPs)
             Began as a Minotaur Berserker on Sept 15, 2020.
             Was the Champion of Trog.
             Killed by divine providence
             ... invoked by a smoke demon
             ... summoned by an orc high priest
              (10 damage)
             ... on level 2 of the Orcish Mines.
             The game lasted 00:58:03 (24318 turns).

Borgoz the Warrior (Minotaur Berserker)            Turns: 24318, Time: 00:58:04

Health: -4/143     AC: 16    Str: 28    XL:     15   Next: 47%
Magic:  23/23      EV: 16    Int:  4    God:    Trog [******]
Gold:   2037       SH: 35    Dex: 20    Spells: 14/14 levels left

rFire    + . .     SeeInvis .   a - +4 double sword (vamp)
rCold    + . .     Faith    .   g - +18 shield of the Gong {rElec rN+ MR+ EV-5}
rNeg     + . .     Spirit   .   N - +2 ring mail {MR+}
rPois    .         Reflect  +   (helmet restricted)
rElec    +         Harm     .   z - +0 cloak
rCorr    .                      d - +1 pair of gloves of the Good {rC+ Dex+4}
MR       +++++                  e - +0 pair of boots
Stlth    +++.......             Q - amulet of reflection
HPRegen  1.33/turn              w - +6 ring of strength
MPRegen  0.18/turn              P - ring of Dauw {rF+ MP+9}

@: berserk cooldown, regenerating, slowed, very slow
A: retaliatory headbutt, horns 2
a: Berserk, Trog's Hand, Brothers in Arms, Renounce Religion


You were on level 2 of the Orcish Mines.
You worshipped Trog.
Trog was exalted by your worship.
You visited 3 branches of the dungeon, and saw 23 of its levels.

You collected 2154 gold pieces.
You spent 117 gold pieces at shops.

Inventory:

Hand Weapons
 a - a +4 vampiric double sword (weapon)
 b - a +4 scimitar of flaming
 i - a +2 great sword of flaming
Missiles
 G - a throwing net (quivered)
Armour
 d - the +1 pair of gloves of the Good (worn) {rC+ Dex+4}
   (You found it on level 5 of the Dungeon)

   It affects your dexterity (+4).
   It protects you from cold.
 e - a +0 pair of boots (worn)
 g - the +18 shield of the Gong (worn) {rElec rN+ MR+ EV-5}
   (You found it on level 6 of the Lair of Beasts)

   It affects your evasion (-5).
   It insulates you from electricity.
   It protects you from negative energy.
   It affects your resistance to hostile enchantments.
 n - a +0 leather armour of cold resistance
 q - a +4 plate armour of cold resistance
 z - a +0 cloak (worn)
 N - a +2 ring mail of magic resistance (worn)
 V - the +2 leather armour "Nyumamak" {rN+ Str+6}
   (You found it on level 14 of the Dungeon)

   It affects your strength (+6).
   It protects you from negative energy.
Jewellery
 s - the ring of Ofonikow {rCorr Str+4}
   (You found it on level 6 of the Dungeon)

   [ring of resist corrosion]

   It affects your strength (+4).
   It provides partial protection from all sources of acid and corrosion.
 w - a +6 ring of strength (left hand)
 F - an uncursed ring of ice
 P - the ring of Dauw (right hand) {rF+ MP+9}
   (You found it on level 3 of the Lair of Beasts)

   [ring of magical power]

   It protects you from fire.
   It affects your magic capacity (+9).
 Q - an amulet of reflection (around neck)
 T - an uncursed ring of poison resistance
Wands
 c - a wand of iceblast (14)
 f - a wand of digging (8)
 E - a wand of paralysis (15)
 K - a wand of disintegration (20)
 S - a wand of flame (9)
Scrolls
 j - 7 scrolls of blinking
 k - 3 scrolls of magic mapping
 o - 7 scrolls of remove curse
 p - 3 scrolls of vulnerability {unknown}
 v - 6 scrolls of teleportation
 x - 2 scrolls of fog {unknown}
 A - 4 scrolls of acquirement {unknown}
 B - a scroll of fear
 W - a scroll of silence
 Z - a scroll of summoning
Potions
 h - a potion of curing
 l - 4 potions of haste
 m - 4 potions of might
 r - a potion of berserk rage
 u - 4 potions of stabbing
 D - 2 potions of cancellation
 I - 4 potions of flight
 Y - 5 potions of ambrosia
Miscellaneous
 t - a condenser vane (2/2)


   Skills:
 + Level 15.6 Fighting
 + Level 15.5 Long Blades
 + Level 15.4 Armour
 + Level 14.3 Dodging
 - Level 5.0 Stealth
 + Level 5.5 Shields
 - Level 5.0 Evocations


You had 14 spell levels left.
You didn't know any spells.
Your spell library was empty.

Dungeon Overview and Level Annotations

Branches:
Dungeon (15/15)            Temple (0/1) D:6            Lair (6/6) D:11
  Swamp (0/4) Lair:2        Snake (0/4) Lair:2        Slime (0/5) Lair:6
    Orc (2/2) D:9          Vaults (0/5) D:13         Depths (0/5) D:15
    Elf: Orc:2

Altars:
Ashenzari
Elyvilon
Fedhas
Hepliaklqana
Kikubaaqudgha
Nemelex Xobeh
Sif Muna
Trog
Yredelemnul
Zin
Jiyva

Shops:
D:6 !   D:8 !

Annotations:
D:12 1 runed translucent door


Innate Abilities, Weirdness & Mutations

You reflexively headbutt those who attack you in melee.
You have a pair of horns on your head.


Message History

The orc wizard blinks!
The ufetubus barely misses you. You furiously retaliate!
You headbutt the ufetubus!
You kill the ufetubus!
You block the ufetubus's attack.
SHROANNG!
The ufetubus barely misses you.
The orc wizard mumbles some strange words.
The orc wizard blinks!
The orc warrior begs, "Please don't kill me!"
The orc high priest yells at you, "GO AWAY!"
The orc priest calls upon Beogh to heal the orc high priest.
The orc high priest is healed somewhat.
The ufetubus closely misses you.
You riposte.
You slash the ufetubus!
You kill the ufetubus!
The orc high priest tries to recover its lost courage.
You block the rust devil's attack.
GONNNNG!
The smoke demon gestures at you. Beogh smites you!
You die...

.#..... #..... .###
#..... .....# ....
#.o...##.$.#
.#.....o.#..##
.............#
...$....54@..##
...o.....4....#
......[3)3o..#.#
$..o..[<3)4......
..##..[)[.....o...
..................
.......ยง..........
..................
..................


You could see 2 orc high priests, an ice devil (summoned), 2 rust devils, a
sixfirhy (summoned), a smoke demon (summoned), a ynoxinul (summoned), 2 orc
warriors, an orc priest (fleeing), an orc (fleeing) and an ufetubus (summoned).

Vanquished Creatures
  Rupert (Lair:5)
  Jorgrun (D:15)
  2 orc warlords
  Nessos (Lair:4)
  A stone giant (Orc:1)
  An ettin (Orc:1)
  A fire dragon (D:15)
  Josephine (D:15)
  An ice dragon (D:15)
  A vault guard (D:13)
  12 hydras
  2 catoblepae
  Erica (D:8)
  4 centaur warriors
  A merfolk avatar (Lair:6)
  A tengu warrior (D:15)
  9 two-headed ogres
  An ogre mage (D:15)
  2 orc high priests
  5 skeletal warriors (D:13)
  4 unseen horrors
  4 sea snakes (Lair:6)
  4 orc knights (Orc:1)
  An orc sorcerer (Orc:1)
  A harpy (Lair:6)
  2 oklob plants (Lair:3)
  2 manticores
  3 slime creatures (D:12)
  A salamander (shapeshifter) (D:15)
  4 cyclopes
  An ugly thing (D:12)
  4 elephants (Lair:6)
  Joseph (D:9)
  Maggie (D:7)
  6 black mambas
  11 cane toads
  2 gargoyles
  A kobold demonologist (D:11)
  5 komodo dragons
  2 rime drakes (Lair:5)
  4 polar bears (Lair:6)
  2 tyrant leeches (Lair:2)
  A tengu conjurer (D:15)
  7 trolls
  A queen bee (Lair:1)
  3 hornets (Lair:6)
  A harpy skeleton (D:15)
  A snapping turtle (shapeshifter) (D:13)
  10 blink frogs
  5 dream sheep (Lair:6)
  A blink frog (shapeshifter) (D:13)
  4 hippogriffs
  A centaur simulacrum (D:12)
  8 wyverns
  21 yaks
  A water elemental (D:11)
  Sigmund (D:4)
  A shadow (D:12)
  3 basilisks
  A spriggan (shapeshifter) (D:15)
  4 wraiths
  A steam dragon (D:11)
  4 vampire mosquitoes (D:14)
  Menkaure (D:7)
  A swamp worm (Lair:2)
  5 wargs
  A soldier ant (D:12)
  25 water moccasins
  5 porcupines
  20 orc warriors
  2 hornet zombies (D:15)
  3 black bears
  7 ice beasts
  2 phantoms
  2 necrophages (D:10)
  4 sky beasts
  10 wolves
  13 ogres
  9 centaurs
  14 crocodiles
  5 big kobolds
  15 bullfrogs
  2 gnoll sergeants
  A wyvern zombie (D:12)
  A water moccasin skeleton (D:11)
  5 scorpions
  38 killer bees
  3 vampire bats (D:8)
  3 electric eels
  6 howler monkeys
  3 wights (D:15)
  7 hounds
  A quasit (D:12)
  3 bullfrog zombies
  2 centaur zombies
  6 jellies
  10 orc priests
  A centaur skeleton (D:8)
  A bullfrog skeleton (D:5)
  3 iguanas
  15 orc wizards
  14 worker ants
  A worker ant zombie (D:3)
  9 gnolls
  20 adders
  3 shadow imps
  2 white imps
  2 ufetubi
  An ooze (D:1)
  2 adder zombies
  An adder skeleton (D:3)
  3 worms
  9 dart slugs
  9 leopard geckos
  59 orcs
  3 bat skeletons (D:8)
  3 bat zombies (D:8)
  7 giant cockroaches
  9 goblins
  7 hobgoblins
  14 jackals
  21 kobolds
  6 quokkas
  A ball python (D:2)
  10 bats
  A frilled lizard (D:2)
  A jackal skeleton (D:3)
  A leopard gecko skeleton (D:4)
  A quokka skeleton (D:3)
  A quokka zombie (D:8)
  3 rats (D:1)
  A bush (D:11)
675 creatures vanquished.

Vanquished Creatures (others)
  A cane toad (Lair:6)
  36 fungi
  55 plants
  A withered plant (D:3)
93 creatures vanquished.

Grand Total: 768 creatures vanquished

Notes
Turn   | Place    | Note
-------+----------+-------------------------------------------
     0 | D:1      | Borgoz the Minotaur Berserker began the quest for the Orb.
     0 | D:1      | Reached XP level 1. HP: 19/19 MP: 0/0
   256 | D:1      | Reached XP level 2. HP: 27/27 MP: 1/1
  1127 | D:2      | Reached XP level 3. HP: 33/33 MP: 2/2
  1296 | D:2      | Reached ** piety under Trog
  1341 | D:2      | Reached XP level 4. HP: 41/41 MP: 3/3
  1399 | D:2      | Found a white marble altar of Elyvilon.
  1904 | D:2      | Reached XP level 5. HP: 47/47 MP: 4/4
  2111 | D:3      | Found a bloodstained altar of Trog.
  2136 | D:3      | Reached *** piety under Trog
  2305 | D:3      | Found a hazy altar of Hepliaklqana.
  2487 | D:4      | Noticed Sigmund
  2498 | D:4      | Killed Sigmund
  2498 | D:4      | Reached skill level 5 in Fighting
  2498 | D:4      | Reached skill level 5 in Long Blades
  2498 | D:4      | Reached XP level 6. HP: 34/56 MP: 5/5
  3008 | D:4      | Found a sparkling altar of Nemelex Xobeh.
  3008 | D:4      | Found a basalt altar of Yredelemnul.
  3009 | D:4      | Found a shimmering blue altar of Sif Muna.
  3133 | D:5      | Entered Level 5 of the Dungeon
  3143 | D:5      | Reached skill level 5 in Armour
  3268 | D:5      | Reached XP level 7. HP: 60/62 MP: 6/6
  3978 | D:5      | Reached skill level 5 in Dodging
  3987 | D:5      | Reached **** piety under Trog
  4059 | D:5      | Got a pair of distressingly furry gloves
  4141 | D:5      | Identified the +1 pair of gloves of the Good {rC+ Dex+4}
                  | (You found it on level 5 of the Dungeon)
  4621 | D:6      | Reached XP level 8. HP: 69/71 MP: 7/7
  4631 | D:6      | Found a staircase to the Ecumenical Temple.
  5121 | D:6      | Got a brightly glowing glass ring
  5122 | D:6      | Identified the ring of Ofonikow {rCorr Str+4} (You found it
                  | on level 6 of the Dungeon)
  5162 | D:6      | Found a blossoming altar of Fedhas.
  5248 | D:6      | Found Nizeusam's Distillery.
  5433 | D:7      | Reached skill level 1 in Shields
  5674 | D:7      | Reached ***** piety under Trog
  5749 | D:7      | Noticed a gargoyle
  5763 | D:7      | Killed a gargoyle
  5763 | D:7      | Reached XP level 9. HP: 48/81 MP: 8/8
  5985 | D:7      | Noticed Maggie
  6002 | D:7      | Killed Maggie
  6298 | D:7      | Noticed Menkaure
  6306 | D:7      | Killed Menkaure
  6926 | D:8      | Noticed Erica
  6943 | D:8      | Killed Erica
  7247 | D:8      | Reached XP level 10. HP: 91/91 MP: 9/9
  7277 | D:8      | Received a gift from Trog
  7290 | D:8      | Found an ancient bone altar of Kikubaaqudgha.
  7525 | D:8      | Noticed a two-headed ogre
  7532 | D:8      | Killed a two-headed ogre
  7631 | D:8      | Noticed a two-headed ogre
  7637 | D:8      | Killed a two-headed ogre
  7835 | D:8      | Reached skill level 10 in Fighting
  7909 | D:8      | Found Utismodi's Distillery.
  7927 | D:8      | Bought a potion of heal wounds for 65 gold pieces
  7927 | D:8      | Bought a potion of might for 52 gold pieces
  8208 | D:9      | Noticed Joseph
  8216 | D:9      | Killed Joseph
  8216 | D:9      | Reached skill level 10 in Long Blades
  8273 | D:9      | Found a shattered altar of Ashenzari.
  8330 | D:9      | Found a staircase to the Orcish Mines.
  8580 | D:10     | Entered Level 10 of the Dungeon
  8588 | D:10     | Reached skill level 10 in Armour
  8660 | D:10     | Reached XP level 11. HP: 84/101 MP: 10/10
  9002 | D:10     | Noticed a two-headed ogre
  9006 | D:10     | Killed a two-headed ogre
  9146 | D:10     | Received a gift from Trog
  9407 | D:10     | Noticed a two-headed ogre
  9414 | D:10     | Killed a two-headed ogre
  9414 | D:10     | Reached skill level 10 in Dodging
  9691 | D:11     | Found a staircase to the Lair.
 10228 | D:12     | Noticed a two-headed ogre
 10237 | D:12     | Killed a two-headed ogre
 10258 | D:12     | Killed an unseen horror
 10258 | D:12     | Reached XP level 12. HP: 90/112 MP: 11/11
 10359 | D:12     | Got a translucent war axe
 10432 | D:12     | Found a runed translucent door.
 10432 | D:12     | Noticed a yaktaur captain
 10432 | D:12     | Noticed a storm dragon
 10432 | D:12     | Noticed a stone giant
 10434 | D:12     | Noticed a shadow dragon
 10434 | D:12     | Noticed a storm dragon
 10434 | D:12     | Noticed a storm dragon
 10434 | D:12     | Noticed a deep troll earth mage
 10435 | D:12     | Found the +2 Maxwell's thermic engine {flame, freeze}
 11356 | D:13     | Received a gift from Trog
 11765 | D:13     | Identified the +4 war axe of a wizard's laboratory {venom,
                  | rPois rN+ MR+} (You found it on level 12 of the Dungeon)
 12192 | D:13     | Noticed a two-headed ogre
 12197 | D:13     | Killed a two-headed ogre
 12442 | D:13     | Found a gate to the Vaults.
 12442 | D:13     | Noticed a vault guard
 12444 | D:13     | Noticed a four-headed hydra
 12452 | D:13     | Killed a two-headed hydra
 12457 | D:13     | Killed a vault guard
 12457 | D:13     | Noticed a five-headed hydra
 12462 | D:13     | Killed a three-headed hydra
 13045 | D:14     | Reached XP level 13. HP: 112/122 MP: 12/12
 13203 | D:14     | Got a transparent leather armour
 13214 | D:14     | Identified the +2 leather armour "Nyumamak" {rN+ Str+6}
                  | (You found it on level 14 of the Dungeon)
 13620 | D:14     | Got a translucent long sword
 13621 | D:14     | Identified the cursed +0 long sword "Nakogy" {elec, Int+2}
                  | (You found it on level 14 of the Dungeon)
 13785 | D:15     | Entered Level 15 of the Dungeon
 13795 | D:15     | Reached skill level 1 in Stealth
 13795 | D:15     | Reached skill level 1 in Evocations
 13818 | D:15     | Noticed Jorgrun
 13829 | D:15     | Killed Jorgrun
 13846 | D:15     | Noticed Josephine
 13862 | D:15     | Killed Josephine
 14098 | D:15     | Found a glowing silver altar of Zin.
 15013 | D:15     | Noticed a fire dragon
 15148 | D:15     | Killed a fire dragon
 15317 | D:15     | Found a staircase to the Depths.
 15492 | Lair:1   | Entered Level 1 of the Lair of Beasts
 15735 | Lair:1   | Reached XP level 14. HP: 132/132 MP: 13/13
 16743 | Lair:2   | Found a staircase to the Swamp.
 16781 | Lair:2   | Found a staircase to the Snake Pit.
 18841 | Lair:3   | You fall into a shaft and drop 2 floors!
 18843 | Lair:5   | Noticed Rupert
 18852 | Lair:5   | Paralysed by Rupert for 6 turns
 18865 | Lair:5   | Killed Rupert
 19226 | Lair:4   | Received a gift from Trog
 19325 | Lair:4   | Got a slimy robe
 19493 | Lair:4   | Identified the +0 robe "Reoveo" {+Inv rC+ Int+8 Slay-3}
                  | (You found it on level 4 of the Lair of Beasts)
 19503 | Lair:4   | Noticed Nessos
 19509 | Lair:4   | Paralysed by Nessos for 5 turns
 19816 | Lair:4   | Killed Nessos
 19816 | Lair:4   | Reached skill level 5 in Evocations
 20444 | Lair:3   | Reached skill level 5 in Stealth
 20456 | Lair:3   | Got a wavering granite ring
 20462 | Lair:3   | Identified the ring of Dauw {rF+ MP+9} (You found it on
                  | level 3 of the Lair of Beasts)
 21164 | Lair:6   | Entered Level 6 of the Lair of Beasts
 21522 | Lair:6   | Reached skill level 15 in Fighting
 21542 | Lair:6   | Got a pitted cloak
 21560 | Lair:6   | Identified the cursed +0 cloak of Xiqefaf {rN+ rCorr Str-3
                  | Int+4} (You found it on level 6 of the Lair of Beasts)
 21755 | Lair:6   | Reached skill level 15 in Long Blades
 22146 | Lair:6   | Reached XP level 15. HP: 121/141 MP: 14/14
 22414 | Lair:6   | Reached skill level 15 in Armour
 22635 | Lair:6   | Found the +18 shield of the Gong {rElec rN+ MR+ EV-5}
 22899 | Lair:6   | Found a viscous altar of Jiyva.
 22899 | Lair:6   | Found a staircase to the Slime Pits.
 23459 | Orc:1    | Entered Level 1 of the Orcish Mines
 23701 | Orc:2    | Entered Level 2 of the Orcish Mines
 23902 | Orc:1    | Received a gift from Trog
 23904 | Orc:1    | Reached ****** piety under Trog
 23965 | Orc:1    | Reached skill level 5 in Shields
 24018 | Orc:2    | Noticed an orc warlord
 24018 | Orc:2    | Noticed an orc warlord
 24033 | Orc:1    | Killed an orc warlord
 24303 | Orc:2    | Killed an orc warlord
 24316 | Orc:2    | HP: 2/143 [smoke demon/divine providence[an orc high
                  | priest] (10)]
 24318 | Orc:2    | Killed from afar by a smoke demon

Illustrated notes

Levels and vault maps discovered:
D:1:      lightli_iron_boxes, layout_loops_corners
D:2:      layout_basic, nicolae_overflow_crystal_walls,
          hangedman_decor_clover_reticule, minmay_puff
D:3:      layout_rooms, old_standard_altar, serial_undead, serial_undead_d,
          serial_undead_b, serial_undead_e, serial_undead_d, bloody_trog
D:4:      layout_cave_pools, minitemple, uniq_sigmund
D:5:      kennysheep_slugbush, layout_gridville
D:6:      layout_cave_pools, minmay_temple_entry_glassed_door, serial_shops,
          kennysheep_mini_moat, basic_altar, minmay_strange_pillars,
          nrook_mini_backslash, serial_bayou_crossing
D:7:      minmay_chambers_of_sixes, layout_cave_pods, uniq_maggie, uniq_menkaure
D:8:      layout_basic, kennysheep_vampire_church, serial_shops,
          nicolae_shop_behind_doors, uniq_erica
D:9:      layout_cave_pools, cheibrodos_ashenzari_chains, orc_0_dummy,
          lightli_corner_chamber, uniq_joseph
D:10:     layout_small_grid
D:11:     layout_big_octagon, erik_lair_island, serial_park, serial_park_tiny_1,
          serial_park_square2, serial_park_square3
          [serial_park_minivault_5x5_7], serial_park_tiny_1, amethyst_killhole
D:12:     minmay_gate_of_8, layout_cave_pods
D:13:     layout_basic, david_vaults_5
D:14:     layout_cave_pools, serial_rivers, chequers_serial_rivers_large_a,
          chequers_serial_rivers_micro_e, chequers_serial_rivers_small_a,
          chequers_serial_rivers_small_a, chequers_serial_rivers_small_b,
          chequers_serial_rivers_marsh
D:15:     grunt_enter_depths_hoard, layout_cave_pools, basic_altar,
          uniq_jorgrun, uniq_josephine
Lair:1:   layout_cave_pods, special_room [special_room_bee], grunt_megastairs_3
Lair:2:   layout_layer_cave, minmay_swamp_entry_worms,
          minmay_snake_entry_six_corridors, serial_bayou_shore_a
Lair:3:   layout_regular_city, beast_lair_carwin_7, infiniplex_staircase_pool_2,
          lemuel_fruit_tree, minmay_lair_oklob_chamber
Lair:4:   layout_hall_layers, uniq_nessos
Lair:5:   layout_big_grid, lookout_lair_type, uniq_rupert
Lair:6:   gammafunk_lair_ancient_temple, layout_regular_city,
          dpeg_slime_entry_enclosed_altar, minivault_23
Orc:1:    layout_caves, special_room [special_room_orc]
Orc:2:    grunt_orc_gardens, layout_caves, grunt_orc_garden, grunt_orc_garden,
          grunt_orc_garden, grunt_orc_garden

Skill      XL: |  1  2  3  4  5  6  7  8  9 10 11 12 13 14 15 |
---------------+----------------------------------------------+-----
Fighting       | 4 5 6 7 9 10 11 13 14 15 | 15.6
Long Blades    | 4 5 6 7 9 10 11 13 14 15 | 15.5
Armour         | 3 4 5 6 7 8 10 11 13 14 15 | 15.4
Dodging        | 3 4 5 6 8 9 10 12 13 14 | 14.3
Shields        | 3 4 5 |  5.5
Stealth        | 3 5 |  5.0
Evocations     | 3 5 |  5.0

Action                   |  1- 3 |  4- 6 |  7- 9 | 10-12 | 13-15 || total
-------------------------+-------+-------+-------+-------+-------++-------
Melee: Falchion          |    58 |   124 |   107 |       |       ||   289
       Headbutt          |     6 |    26 |    72 |   142 |   284 ||   530
       Long sword        |       |       |   142 |       |    68 ||   210
       Scimitar          |       |       |     1 |   341 |   318 ||   660
       Double sword      |       |       |       |    86 |   384 ||   470
Throw: Throwing net      |       |       |       |       |     2 ||     2
Invok: Berserk           |       |       |     3 |     5 |     9 ||    17
       Trog's Hand       |       |       |     2 |     2 |     4 ||     8
  Use: Scroll            |       |       |    15 |     9 |    16 ||    40
       Potion            |       |       |     4 |     2 |     5 ||    11
 Stab: Sleeping          |       |       |     1 |     2 |    14 ||    17
       Distracted        |       |       |       |       |     5 ||     5
       Petrified         |       |       |       |       |     5 ||     5
       Held in net/web   |       |       |       |       |     1 ||     1
Armor: Animal skin       |     1 |       |       |       |       ||     1
       Ring mail         |    27 |    42 |    15 |   119 |    78 ||   281
       Leather armour    |       |       |    36 |    20 |    78 ||   134
       Skin              |       |       |       |    22 |       ||    22
Dodge: Dodged            |    54 |    79 |   195 |   332 |   521 ||  1181
Block: Buckler           |       |       |    20 |   110 |   290 ||   420
       Reflection        |       |       |       |       |    18 ||    18
       Other             |       |       |       |       |     1 ||     1
       Kite shield       |       |       |       |       |   444 ||   444
       Rpst.: Falchion   |    15 |    19 |    13 |       |       ||    47
       Long sword        |       |       |    31 |       |    14 ||    45
       Scimitar          |       |       |     1 |    50 |    30 ||    81
       Double sword      |       |       |       |    16 |    46 ||    62

Table legend: (Time is in decaauts)
 A = Elapsed time spent in this place.
 B = Non-inter-level travel time spent in this place.
 C = Inter-level travel time spent in this place.
 D = Time resting spent in this place.
 E = Time spent auto-exploring this place.
 F = Levels seen in this place.
 G = Mean time per level.
                   A        B        C        D        E       F      G
               +--------+--------+--------+--------+--------+-----+--------+
         Total |  24344 |  23184 |   1160 |   4839 |  14243 |  23 | 1058.4 |
       Dungeon |  15603 |  14808 |    795 |   3321 |   8871 |  15 | 1040.2 |
          Lair |   7889 |   7539 |    350 |   1200 |   5170 |   6 | 1314.8 |
  Orcish Mines |    851 |    837 |     14 |    317 |    201 |   2 |  425.5 |
               +--------+--------+--------+--------+--------+-----+--------+

Top non-repeatable levels by time:
  Lair:6: 1876 daAuts
    D:15: 1637 daAuts
  Lair:3: 1507 daAuts
  Lair:2: 1477 daAuts
    D:12: 1473 daAuts
     D:7: 1447 daAuts
    D:13: 1322 daAuts
     D:8: 1203 daAuts
  Lair:1: 1104 daAuts
     D:5: 1078 daAuts
    D:10: 1055 daAuts
     D:1: 1000 daAuts
     D:2: 999 daAuts
     D:6: 975 daAuts
  Lair:5: 965 daAuts
